 Dungeon Crawl Stone Soup version 0.17.1-1-g73c8601 (webtiles) character file.

392 Miyamura the Chucker (level 6, 0/59 HPs)
             Began as a Troll Hunter on Jan 3, 2016.
             Succumbed to a scorpion's poison
             ... on level 4 of the Dungeon.
             The game lasted 00:08:58 (2821 turns).

Miyamura the Chucker (Troll Hunter)                 Turns: 2821, Time: 00:08:58

Health: 0/59       AC:  6    Str: 31      XL:     6   Next: 51%
Magic:  5/5        EV: 10    Int:  5 (7)  God:
Gold:   118        SH:  0    Dex: 11      Spells: 0 memorised, 5 levels left

rFire  + . .     SeeInvis .       - Unarmed
rCold  + + .     Clarity  .     b - +0 robe
rNeg   . . .     SustAt   .     (no shield)
rPois  +         Gourm    +     (helmet restricted)
rElec  +         Spirit   .     x - +0 cloak
rCorr  +         Warding  .     (gloves unavailable)
rMut   .         Stasis   .     (boots unavailable)
MR     .....                    (no amulet)
Stlth  +.........               w - ring of protection from cold
                                s - +4 ring of strength

@: mighty, lethally poisoned (0 -> -15), resistant, not resistant to hostile
enchantments, very unstealthy
A: unfitting armour, claws 3, fast metabolism 3, gourmand, regeneration 2,
shaggy fur 1, tough skin 2
a: no special abilities


You were on level 4 of the Dungeon.
You were very full.

You visited 1 branch of the dungeon, and saw 4 of its levels.

You collected 118 gold pieces.

Inventory:

Hand Weapons
 u - a +0 mace
Missiles
 c - 7 large rocks (quivered)
 d - 2 throwing nets
Armour
 b - a +0 robe (worn)
 x - a +0 cloak (worn)
Jewellery
 s - a +4 ring of strength (left claw)
 w - a ring of protection from cold (right claw)
Wands
 f - a wand of polymorph (2)
 r - a wand of flame (15)
 y - a wand of random effects (20)
Scrolls
 g - a scroll of magic mapping
 m - 2 scrolls of identify
 o - 3 scrolls of teleportation
 v - a scroll of remove curse {unknown}
Potions
 h - 3 potions of invisibility
 q - a potion of mutation {unknown}
 A - a potion of curing {unknown}
Comestibles
 a - 4 meat rations
 e - 5 bread rations
 j - 2 fruits
 k - a royal jelly
 p - 2 slices of pizza
 z - 3 chunks of flesh


   Skills:
 + Level 2.7 Fighting
 + Level 2.2 Maces & Flails
 + Level 4.4 Throwing
 + Level 3.1 Dodging
 - Level 0.4 Stealth
 + Level 2.9 Unarmed Combat


You had 5 spell levels left.
You didn't know any spells.

Dungeon Overview and Level Annotations

Branches:
Dungeon (4/15)
 Temple: D:4-7

Altars:
Ru


Innate Abilities, Weirdness & Mutations

You are too large for most types of armour.
You have claws for hands.
Your metabolism is lightning-fast.
You like to eat raw meat.
You heal very quickly.
You are covered in fur (AC +1).
You have very tough skin (AC +2).


Message History

Read which item? (? for menu, Esc to quit)
As you read the scroll of fear, it crumbles to dust.
You assume a fearsome visage.
The scorpion looks frightened!
* * * LOW HITPOINT WARNING * * *
You feel very sick.
Drink which item? (? for menu, Esc to quit)
It was a potion of resistance.
You feel protected.
* * * LOW HITPOINT WARNING * * *
You feel very sick.
Drink which item? (? for menu, Esc to quit)
It was a potion of degeneration.
There was something very wrong with that liquid.
You feel dopey.
* * * LOW HITPOINT WARNING * * *
You feel very sick.
Drink which item? (? for menu, Esc to quit)
It was a potion of might.
You feel very mighty all of a sudden.
You die...

#### .....
#.#########......
#.......@...s.#
##.#.#.#########
...............#
#####(########.#
#+ #.# #.# #.#
#.# #.#


You could see a scorpion (fleeing).

Vanquished Creatures
  A hippogriff (D:3)
  A scorpion (D:4)
  Terence (D:2)
  Natasha (D:3)
  Robin (D:4)
  7 adders
  4 worms
  5 giant geckos
  2 orcs (D:3)
  2 bats
  6 giant cockroaches
  12 goblins
  7 hobgoblins
  2 quokkas
  2 ball pythons
  2 giant newts
  6 jackals
  7 kobolds
  A quokka skeleton (D:4)
  7 rats
77 creatures vanquished.

Notes
Turn   | Place    | Note
--------------------------------------------------------------
     0 | D:1      | Miyamura the Troll Hunter began the quest for the Orb.
     0 | D:1      | Reached XP level 1. HP: 19/19 MP: 0/0
   372 | D:1      | Reached skill level 1 in Unarmed Combat
   395 | D:1      | Reached XP level 2. HP: 27/27 MP: 1/1
   721 | D:2      | Noticed Terence
   923 | D:2      | Reached XP level 3. HP: 35/35 MP: 2/2
  1039 | D:2      | Reached skill level 1 in Maces & Flails
  1153 | D:2      | Killed Terence
  1153 | D:2      | Reached XP level 4. HP: 38/42 MP: 3/3
  1207 | D:2      | Found a faded altar to an unknown god.
  1376 | D:2      | Reached skill level 4 in Throwing
  1619 | D:3      | Noticed a hippogriff
  1623 | D:3      | Killed a hippogriff
  1623 | D:3      | Reached XP level 5. HP: 47/50 MP: 4/4
  1623 | D:3      | Reached XP level 6. HP: 55/59 MP: 5/5
  2247 | D:4      | Found a sacrificial altar of Ru.
  2261 | D:4      | Noticed Robin
  2473 | D:4      | Noticed Natasha
  2482 | D:3      | Killed Natasha
  2635 | D:4      | Killed Robin
  2820 | D:4      | HP: 1/59 [poisoned by a scorpion]
  2821 | D:4      | Succumbed to a scorpion's poison

Action                   |  1- 3 |  4- 6 || total
-------------------------+-------+-------++-------
Melee: Unarmed           |   109 |   133 ||   242
Throw: Large rock        |     3 |     4 ||     7
  Use: Scroll            |     5 |     3 ||     8
       Potion            |       |     3 ||     3
  Eat: Chunk             |    16 |    15 ||    31
